 Dungeon Crawl Stone Soup version 0.29-a0-512-gf59ac788ac (webtiles) character file.

Game seed: 15721050326684910835

65 dabmancer the Magician (level 4, -2/27 HPs)
             Began as an Octopode Hedge Wizard on May 30, 2022.
             Slain by a gnoll
             ... wielding a +0 club
              (5 damage)
             ... on level 3 of the Dungeon.
             The game lasted 00:04:45 (2286 turns).

dabmancer the Magician (Octopode Hedge Wizard)      Turns: 2286, Time: 00:04:47

Health: -2/27      AC:  1    Str:  9    XL:     4   Next: 14%
Magic:  0/10       EV: 13    Int: 18    God:
Gold:   108        SH:  0    Dex: 11    Spells: 10/11 levels left

rFire   . . .      SeeInvis .   m - +0 quarterstaff
rCold   . . .      Faith    .   (shield currently unavailable)
rNeg    + . .      Spirit   +   b - +0 hat
rPois   .          Reflect  .   o - amulet of guardian spirit
rElec   .          Harm     .   g - ring of positive energy
rCorr   .          Rampage  .   (no ring)
Will    .....                   (no ring)
Stlth   +++.......              (no ring)
HPRegen 0.09/turn               (no ring)
MPRegen 0.12/turn               (no ring)
                                (no ring)
                                (no ring)

@: no status effects
A: almost no armour, amphibious, 8 rings, camouflage 1, gelatinous body 1,
(nimble swimmer 1), tentacles
a: no special abilities


You were on level 3 of the Dungeon.
You visited 1 branch of the dungeon, and saw 3 of its levels.

You collected 108 gold pieces.

Inventory:

Hand Weapons
 a - a +0 dagger
 i - a +0 hunting sling
 m - a +0 quarterstaff (weapon)
 p - a +0 dagger
Missiles
 e - 3 curare-tipped darts
 f - 162 stones
 w - a throwing net (quivered)
Armour
 b - a +0 hat (worn)
 l - a +0 cloak
Jewellery
 g - a ring of positive energy (left tentacle)
 o - an amulet of guardian spirit (around mantle)
Scrolls
 d - 3 scrolls of magic mapping {unknown}
 h - 2 scrolls of poison {unknown}
 j - a scroll of enchant weapon {unknown}
 n - a scroll of silence {unknown}
 q - a scroll of teleportation {unknown}
 r - 2 scrolls of vulnerability {unknown}
 s - a scroll of enchant armour {unknown}
 t - a scroll of torment {unknown}
Potions
 c - a potion of magic
 k - a potion of attraction {unknown}
 u - a potion of flight {unknown}
 v - 2 potions of invisibility {unknown}


   Skills:
 + Level 2.3 Dodging
 + Level 3.1 Stealth
 + Level 4.2 Spellcasting
 + Level 1.2 Conjurations
 + Level 1.0 Summonings
 + Level 1.0 Translocations


You had 10 spell levels left.
You knew the following spells:

 Your Spells              Type           Power      Damage    Failure   Level
a - Magic Dart            Conj           32%        1d4       9%          1

Your spell library contained the following spells:

 Spells                   Type           Power      Damage    Failure   Level
 Slow                     Hex            12%        N/A       14%         1
 Blink                    Tloc           14%        N/A       14%         2
 Call Imp                 Summ           7%         N/A       14%         2
 Conjure Flame            Conj/Fire      6%         6-21      32%         3
 Mephitic Cloud           Conj/Pois/Air  5%         N/A       36%         3


Dungeon Overview and Level Annotations

Branches:
Dungeon (3/15)

Altars:


Innate Abilities, Weirdness & Mutations

You cannot wear most types of armour.
You are amphibious.
You can wear up to eight rings at the same time.
Your skin changes colour to match your surroundings (Stealth+).
Your rubbery body absorbs attacks. (AC +1, EV +1)
((You are camouflaged when in or above water. (Stealth+)))
You have tentacles for arms and can constrict up to eight enemies at once.


Message History

The gnoll throws a throwing net.
The throwing net misses you.
w - 2 throwing nets (gained 1)
The dart slug launches a dart at you. The slug dart hits you.
You are too depleted to draw on your mana recklessly!
Your magical contamination has completely faded away.
The magic dart hits the dart slug.
The dart slug is moderately wounded.
The magic dart hits the dart slug but does no damage.
The dart slug is moderately wounded.
The dart slug launches a dart at you. The slug dart misses you.
You are too depleted to draw on your mana recklessly!
A gnoll comes into view. It is wielding a +0 flail.
You hit the dart slug. Your grab misses the dart slug.
The dart slug is almost dead.
The dart slug launches a dart at you. The slug dart hits you.
You sock the dart slug!
You kill the dart slug!
The gnoll hits you with a +0 club. The gnoll attacks as you move away!
The gnoll hits you with a +0 club.
You closely miss the gnoll. Your grab misses the gnoll.
The gnoll hits you with a +0 club!
* * * LOW HITPOINT WARNING * * *
The gnoll attacks as you move away! The gnoll hits you with a +0 club.
* * * LOW HITPOINT WARNING * * *
You sock the gnoll! Your grab misses the gnoll.
You squeeze the gnoll, but do no damage.
The gnoll is heavily wounded.
The gnoll hits you with a +0 club.
* * * LOW HITPOINT WARNING * * *
You are too injured to fight recklessly!
Throw: 2 throwing nets
Press: ? - help, Q - select action, (/) - cycle Shift-Dir - straight line, f - gnoll
Aim: a gnoll, wielding a +0 club (heavily wounded, 58% to hit)
You throw a throwing net.
The throwing net closely misses the gnoll.
The gnoll hits you with a +0 club.
You die...

#...# #...# #...# #...#
###...## #..[)..# ##.
#......# #.. #......##
#.# #.@g...(# ###.#
#..g....# #.#.#
#.......# #.#.#
######.......# #.#.###
#............#####.#.#.†
#....#........†......#.#
#....#........####.#...#
#....######.#....#.#.###
#....# #.####.#.#.#


You could see 2 gnolls.

Vanquished Creatures
  3 adders
  2 dart slugs
  2 ball pythons
  3 bats
  2 endoplasms (D:2)
  3 giant cockroaches
  6 hobgoblins
  2 quokkas
  3 frilled lizards
  2 goblins (D:2)
  3 kobolds
  4 rats
35 creatures vanquished.

Notes
Turn   | Place    | Note
-------+----------+-------------------------------------------
     0 | D:1      | dabmancer the Octopode Hedge Wizard began the quest for the
                  | Orb.
     0 | D:1      | Reached XP level 1. HP: 11/11 MP: 4/4
     6 | D:1      | Noticed a black bear
     6 | D:1      | Noticed a swamp drake
     6 | D:1      | Noticed a redback
     7 | D:1      | Noticed a hound
   369 | D:1      | Reached XP level 2. HP: 17/17 MP: 3/6
  1282 | D:2      | Reached XP level 3. HP: 21/21 MP: 5/8
  1582 | D:2      | Reached skill level 4 in Spellcasting
  1645 | D:2      | Found a faded altar of an unknown god.
  2254 | D:3      | Reached XP level 4. HP: 27/27 MP: 3/10
  2286 | D:3      | Slain by a gnoll

Illustrated notes

Levels and vault maps discovered:
D:1:      onia_arrival_zoo_common, layout_basic
D:2:      layout_rooms, hellmonk_ecumenical_altar_zigzags,
          kennysheep_pointless_box
D:3:      layout_basic, gammafunk_ghost_gnarly_gnolls, minmay_shallow_snake_nest

Skill      XL: |  1  2  3 |
---------------+----------+-----
Spellcasting   | 4 |  4.2
Stealth        | 3 |  3.1
Dodging        | |  2.3
Conjurations   | |  1.2
Summonings     | |  1.0
Translocations | |  1.0

Action                   |  1- 3 |  4- 6 || total
-------------------------+-------+-------++-------
Melee: Dagger            |     6 |       ||     6
       Constrict         |     5 |       ||     5
       Tentacles         |     3 |     1 ||     4
       Quarterstaff      |    10 |     4 ||    14
Throw: Throwing net      |       |     1 ||     1
 Cast: Magic Dart        |    82 |     4 ||    86
Armor: Skin              |     2 |       ||     2
Dodge: Dodged            |    31 |     3 ||    34

Table legend: (Time is in decaauts)
 A = Elapsed time spent in this place.
 B = Non-inter-level travel time spent in this place.
 C = Inter-level travel time spent in this place.
 D = Time resting spent in this place.
 E = Time spent auto-exploring this place.
 F = Levels seen in this place.
 G = Mean time per level.
                   A        B        C        D        E       F      G
               +--------+--------+--------+--------+--------+-----+--------+
         Total |   2288 |   2145 |    143 |      0 |   1854 |   3 |  762.7 |
       Dungeon |   2288 |   2145 |    143 |      0 |   1854 |   3 |  762.7 |
               +--------+--------+--------+--------+--------+-----+--------+

Top non-repeatable levels by time:
     D:1: 1103 daAuts
     D:2: 918 daAuts
     D:3: 267 daAuts
